Map: Prion Terraces

Players

Miniraser

  • Race: Zerg Zerg
  • League: Master

Elazer - Winner!

  • Race: Zerg Zerg
  • League: Grandmaster

Event: NationWars III

VOD

Have the link to the VOD?

Description

Time

  • Played on: Dec. 5, 2015, 11:37 a.m.
  • Length: 4:54
Show
View Real Time Build Order
Export as new Build Order

Miniraser Zerg 

Build Orders: Pool First, Zergling Baneling 

Get SALT Encoding   

  12  0:01  Drone  
  13  0:21  Spawning Pool  
  13  0:26  Drone  
  13  0:30  Extractor  
  13  0:32  Drone  
  13  0:37  Drone  
  14  0:46  Overlord  
  14  1:08  Zergling x2  
  14  1:09  Zergling x4  
  17  1:13  Queen  
  19  1:20  Zergling x2  
  20  1:31  Zergling x2  
  21  1:34  Metabolic Boost  
  21  1:42  Zergling x2  
  22  1:54  Baneling Nest  
  22  1:55  Zergling x2  
  22  2:04  Overlord  
  22  2:25  Zergling x8  
  26  2:39  Baneling x3  
  26  2:40  Baneling  
  26  2:41  Zergling x2  
  26  2:42  Zergling x2  
  28  2:46  Baneling  
  28  2:48  Baneling  
  28  2:55  Zergling x2  
  24  3:09  Drone x3  
  24  3:12  Baneling  
  25  3:13  Baneling  
  23  3:33  Drone x3  
  25  3:57  Hatchery  
  24  4:07  Queen  
  26  4:12  Zergling x2  
  26  4:13  Zergling x4  
  28  4:23  Zergling x2  
  29  4:25  Overlord  
  29  4:30  Overlord  
  29  4:31  Baneling  
Show
View Real Time Build Order
Export as new Build Order

Elazer Zerg - Winner!

Build Orders: Pool First, Zergling Baneling 

Get SALT Encoding   

  12  0:00  Drone  
  13  0:12  Overlord  
  13  0:17  Drone  
  14  0:31  Drone x2  
  14  0:34  Drone  
  17  0:36  Extractor  
  16  0:46  Spawning Pool  
  16  0:50  Drone  
  16  0:56  Drone  
  17  1:07  Drone  
  18  1:18  Overlord  
  18  1:33  Zergling x2, Queen  
  21  1:40  Metabolic Boost  
  21  1:42  Zergling x2  
  22  1:49  Spine Crawler  
  22  1:50  Zergling x2  
  22  2:02  Baneling Nest  
  22  2:04  Zergling x2  
  22  2:08  Queen  
  24  2:18  Zergling x2  
  25  2:31  Drone  
  26  2:39  Drone  
  26  2:43  Zergling x4  
  29  2:47  Baneling x3  
  29  2:53  Overlord  
  29  2:54  Extractor, Queen  
  29  2:56  Baneling  
  28  3:09  Drone x2  
  29  3:23  Baneling  
  29  3:28  Drone  
  29  3:31  Zergling x4  
  32  3:37  Baneling  
  32  3:52  Hatchery  
  31  4:00  Zergling x2  
  31  4:01  Zergling x4  
  34  4:07  Baneling  
  34  4:08  Baneling x2  
  34  4:11  Zergling x4  
  34  4:12  Zergling x2  
  37  4:26  Overlord  
  37  4:35  Zergling x2  
Tags
 
Add a new tag
Caveats
  • Supply blocks, unpowered buildings, or Contaminate may cause inaccurate times.
  • Supply counts are checked every 10 seconds.